 Dungeon Crawl Stone Soup version 0.22.1-2-g9c5b331 (console) character file.

2530 utis the Frost Mage (level 9, 0/69 HPs)
             Began as a Merfolk Ice Elementalist on Nov 18, 2018.
             Was an Initiate of Sif Muna.
             Slain by a bullfrog (6 damage)
             ... on level 7 of the Dungeon.
             The game lasted 00:35:03 (10331 turns).

utis the Frost Mage (Merfolk Ice Elementalist)     Turns: 10331, Time: 00:35:04

Health: 0/69       AC:  5    Str:  9    XL:     9   Next: 54%
Magic:  1/16       EV: 22    Int: 17    God:    Sif Muna [......]
Gold:   450        SH:  0    Dex: 25    Spells: 3/17 levels left

rFire    . . .     SeeInvis .   j - +3 whip (elec)
rCold    + . .     Gourm    .   (no shield)
rNeg     . . .     Faith    .   f - +0 leather armour
rPois    .         Spirit   .   (no helmet)
rElec    .         Reflect  .   r - +0 cloak
rCorr    .         Harm     .   (no gloves)
MR       .....                  z - +0 pair of boots
Stlth    +++.......             B - amulet of rage
HPRegen  0.21/turn              X - +6 ring of dexterity
MPRegen  0.15/turn              C - ring of protection from cold

@: agile, hasted, drained, very quick
A: change form in water, swift swim, stealthy swim
a: Renounce Religion, Evoke Berserk Rage


You were on level 7 of the Dungeon.
You worshipped Sif Muna.
Sif Muna was noncommittal.
You were hungry.

You visited 2 branches of the dungeon, and saw 9 of its levels.

You collected 450 gold pieces.

Inventory:

Hand Weapons
 c - a +0 blowgun {@w1}
 j - a +3 whip of electrocution (weapon)
 m - a +0 dagger
 n - a +1 dagger of flaming
 o - a +0 short sword
 w - a +0 hunting sling
 y - a +0 whip of freezing
 K - a +0 trident
 L - a +0 glaive
Missiles
 e - 159 stones (quivered)
 h - 48 sling bullets
 l - 34 poisoned needles
 s - 44 bolts
 t - a throwing net {=f}
 E - 64 arrows
 F - 2 javelins
Armour
 a - a +0 robe
 f - a +0 leather armour (worn)
 r - a +0 cloak (worn)
 x - the +3 chain mail "Wephucs" {rElec}
   (You found it on level 4 of the Dungeon)

   It insulates you from electricity.
 z - a +0 pair of boots (worn)
Jewellery
 v - an uncursed ring of see invisible
 B - an amulet of rage (around neck)
 C - a ring of protection from cold (right hand)
 X - a +6 ring of dexterity (left hand)
Wands
 D - a wand of enslavement (13)
 H - a wand of polymorph (18)
 I - a wand of scattershot (5)
Scrolls
 g - 5 scrolls of remove curse {@r2}
 p - 3 scrolls of amnesia
 q - 4 scrolls of immolation
 G - a scroll of teleportation {@r4}
Potions
 d - 3 potions of curing {@q1}
 i - a potion of flight
 k - a potion of haste {@q3}
 u - a potion of might
 A - a potion of mutation {!q}
 M - a potion of ambrosia {unknown}
Comestibles
 b - 14 rations


   Skills:
 - Level 6.0(5.3) Fighting
 - Level 2.0(1.3) Maces & Flails
 - Level 7.3(6.5) Dodging
 - Level 2.1(1.5) Stealth
 + Level 4.6(3.9) Spellcasting
 - Level 0.7(0.0) Conjurations
 - Level 3.5(2.8) Charms
 * Level 3.3(2.6) Summonings
 * Level 8.0(7.2) Ice Magic


You had 3 spell levels left.
You knew the following spells:

 Your Spells              Type           Power        Failure   Level  Hunger
a - Freeze                Ice            ####         1%          1    None
b - Summon Ice Beast      Ice/Summ       ###.....     30%         4    ####...
c - Throw Icicle          Conj/Ice       ###.....     45%         4    ####...
o - Ozocubu's Armour      Chrm/Ice       ###.....     9%          3    ###....
w - Throw Frost           Conj/Ice       ###...       8%          2    ##.....

Your spell library contained the following spells:

 Spells                   Type           Power        Failure   Level  Hunger
 Summon Small Mammal      Summ           ##..         8%          1    None
 Call Imp                 Summ           ##......     12%         2    ##.....
 Call Canine Familiar     Summ           ##......     22%         3    ###....
 Summon Guardian Golem    Hex/Summ       #.......     36%         3    ###....
 Summon Lightning Spire   Summ/Air       #.......     78%         4    ####...
 Iskenderun's Battlesphe  Conj/Chrm      #.......     98%         5    ######.
 Bolt of Magma            Conj/Fire/Erth #.........   99%         5    ######.
 Venom Bolt               Conj/Pois      #.........   99%         5    ######.
 Iron Shot                Conj/Erth      #.........   100%        6    #######
 Orb of Destruction       Conj           #.........   100%        7    #######
 Spellforged Servitor     Conj/Summ      #.........   100%        7    #######


Dungeon Overview and Level Annotations

Branches:
Dungeon (8/15)             Temple (1/1) D:5            Lair (0/6) D:8

Altars:
Ashenzari
Cheibriados
Dithmenos
Elyvilon
Gozag
Hepliaklqana
Makhleb
Nemelex Xobeh
Okawaru
Qazlal
Ru
Sif Muna
Trog
Uskayaw
Vehumet
Xom
Yredelemnul
Zin
The Shining One

Shops:
D:6 =


Message History

Casting: Freeze (safe; 1% risk of failure)
Confirm with . or Enter, or press ? or * to list all spells.
Aiming: Freeze (safe; 1% risk of failure)
Press: ? - help, Shift-Dir - straight line, f/p - bullfrog
Aim: a bullfrog (lightly wounded)
You freeze the bullfrog.
The bullfrog is lightly wounded.
* * * LOW MAGIC WARNING * * *
The bullfrog completely misses you.
Casting: Freeze (safe; 1% risk of failure)
Confirm with . or Enter, or press ? or * to list all spells.
Aiming: Freeze (safe; 1% risk of failure)
Press: ? - help, Shift-Dir - straight line, f/p - bullfrog
Aim: a bullfrog (lightly wounded)
You freeze the bullfrog.
The bullfrog seems to slow down.
The bullfrog is moderately wounded.
* * * LOW MAGIC WARNING * * *
The bullfrog is no longer moving slowly.
The bullfrog hits you.
You die...

░░'░░░░░░░░░░
░░'░░ ░.░
....░.......░ ░.░
░.░ ....░.......░
░.░ ░†░
....░.......░ ░.░
░.░ ░░'░░.......░
░.░ ░.░
░░.░░.......░░░░.░
░.░
'[..........+.░░.░
░.░
░░.░........░.░░)░
░.░░░░
+..+...........)m░
░.░...
░░░░..........░░F░
░.░.░░ ░
░...░░░'░..░░.░
░.░.░░ ░ ░...░
░.░..░░.░ ░.░...
░...░ ░.░░.░░.░
░.░░░░ ░...░
░.░░.░░.░ ░.....
░...░ ░.░░..░.░
░░░░░░ ░...░
░.░░..░.░ ░░░░░
░.░░....░░


You could see a bullfrog.

Vanquished Creatures
  Pikel (D:6)
  A hippogriff (D:7)
  Sigmund (D:3)
  An orc warrior (D:6)
  A black bear (D:7)
  2 sky beasts
  2 ice beasts
  2 ogres
  A centaur (D:6)
  Blork the orc (D:6)
  2 bullfrogs
  3 crimson imps
  3 hounds (D:6)
  An orc wizard (D:6)
  Ijyb (D:3)
  A centaur skeleton (D:4)
  An iguana (D:6)
  8 worker ants
  Terence (D:3)
  A hound skeleton (D:8)
  3 gnolls (D:4)
  9 adders
  A shadow imp (D:5)
  An ooze (D:3)
  4 worms
  2 dart slugs
  4 leopard geckos
  8 orcs
  4 bats
  4 giant cockroaches (D:1)
  7 goblins
  9 hobgoblins
  13 jackals
  6 kobolds
  3 quokkas
  3 ball pythons
  6 frilled lizards
  A jackal zombie (D:5)
  A leopard gecko skeleton (D:5)
  A quokka skeleton (D:7)
  7 rats
132 creatures vanquished.

Vanquished Creatures (others)
  A slave (D:6)
  A worker ant (D:6)
  A hound zombie (D:6)
  A leopard gecko (D:6)
  A quokka (D:2)
5 creatures vanquished.

Grand Total: 137 creatures vanquished

Notes
Turn   | Place    | Note
-------+----------+-------------------------------------------
     0 | D:1      | utis the Merfolk Ice Elementalist began the quest for the
                  | Orb.
     0 | D:1      | Reached XP level 1. HP: 13/13 MP: 3/3
   365 | D:1      | Reached XP level 2. HP: 18/19 MP: 1/5
   433 | D:1      | Reached skill level 4 in Ice Magic
  1155 | D:1      | Reached XP level 3. HP: 24/24 MP: 3/6
  1653 | D:2      | Learned a level 3 spell: Ozocubu's Armour
  1694 | D:2      | funny
  1732 | D:2      | Found a shimmering altar of Xom.
  1732 | D:2      | Found a shimmering altar of Xom.
  1738 | D:2      | Found a shimmering altar of Xom.
  1757 | D:2      | Found a white marble altar of Elyvilon.
  2008 | D:2      | Found a sacrificial altar of Ru.
  2233 | D:2      | Reached skill level 1 in Charms
  2716 | D:3      | Reached skill level 5 in Ice Magic
  2716 | D:3      | Reached XP level 4. HP: 28/30 MP: 2/7
  2903 | D:3      | Found a burning altar of Makhleb.
  3767 | D:3      | Noticed Sigmund
  3896 | D:3      | Reached XP level 5. HP: 35/35 MP: 6/8
  4035 | D:3      | Noticed Terence
  4042 | D:3      | Noticed Ijyb
  4050 | D:3      | Killed Terence
  4052 | D:3      | Killed Ijyb
  4245 | D:3      | screw this
  4257 | D:3      | Killed Sigmund
  4257 | D:3      | Reached skill level 6 in Ice Magic
  4257 | D:3      | Reached XP level 6. HP: 41/41 MP: 3/10
  4435 | D:3      | Found a bloodstained altar of Trog.
  4435 | D:3      | Found a faded altar of an unknown god.
  4493 | D:3      | Found an opulent altar of Gozag.
  4495 | D:3      | Found a stormy altar of Qazlal.
  4497 | D:3      | Found a shadowy altar of Dithmenos.
  4832 | D:4      | Found a shattered altar of Ashenzari.
  5080 | D:4      | Reached XP level 7. HP: 46/46 MP: 5/12
  5733 | D:4      | Got a slimy chain mail
  5932 | D:4      | Learned a level 4 spell: Summon Ice Beast
  5937 | D:4      | Learned a level 4 spell: Throw Icicle
  6008 | D:5      | Entered Level 5 of the Dungeon
  6073 | D:5      | Identified the +3 chain mail "Wephucs" {rElec} (You found
                  | it on level 4 of the Dungeon)
  6299 | D:5      | Reached skill level 1 in Fighting
  6299 | D:5      | Reached skill level 1 in Maces & Flails
  6957 | D:5      | Found a staircase to the Ecumenical Temple.
  7303 | D:6      | Reached XP level 8. HP: 39/58 MP: 8/14
  7514 | D:6      | Noticed Pikel
  7527 | D:6      | Killed Pikel
  7527 | D:6      | Reached skill level 5 in Fighting
  7884 | Temple   | Entered the Ecumenical Temple
  8513 | D:6      | Reached XP level 9. HP: 64/69 MP: 6/15
  8517 | D:6      | Learned a level 2 spell: Throw Frost
  8529 | D:6      | Found Seixuylu's Jewellery Shop.
  8587 | D:6      | Noticed Blork the orc
  8639 | D:6      | Killed Blork the orc
  8910 | D:6      | Reached skill level 1 in Summonings
  8910 | D:6      | Reached skill level 7 in Ice Magic
  9556 | D:7      | Found a deep blue altar of Sif Muna.
  9557 | D:7      | Found a hide-covered altar of Uskayaw.
 10097 | D:7      | Became a worshipper of Sif Muna the Loreminder
 10106 | D:8      | Found a staircase to the Lair.
 10304 | D:8      | Reached skill level 8 in Ice Magic
 10323 | D:7      | bit late
 10331 | D:7      | Slain by a bullfrog

Skill      XL: |  1  2  3  4  5  6  7  8  9 |
---------------+----------------------------+-----
Ice Magic      | 4 5 6 8 |  8.0
Charms         | 1 2 3 |  3.5
Spellcasting   | 3 4 |  4.6
Fighting       | 3 6 |  6.0
Maces & Flails | 2 |  2.0
Dodging        | 3 6 7 |  7.3
Summonings     | 3 |  3.3
Stealth        | |  2.1
Conjurations   | |  0.7

Action                   |  1- 3 |  4- 6 |  7- 9 || total
-------------------------+-------+-------+-------++-------
Melee: Dagger            |     1 |       |       ||     1
       Whip              |       |    17 |   107 ||   124
       Unarmed           |       |       |     4 ||     4
Throw: Stone             |    14 |    34 |    31 ||    79
 Cast: Freeze            |    62 |    72 |   116 ||   250
       Ozocubu's Armour  |     2 |    10 |    28 ||    40
       Throw Frost       |       |       |     2 ||     2
  Use: Scroll            |    10 |     3 |     5 ||    18
       Potion            |       |     1 |     3 ||     4
  Eat: Chunk             |     6 |    10 |    14 ||    30
       Ration            |       |       |     1 ||     1
Armor: Robe              |     9 |    13 |     5 ||    27
       Leather armour    |       |       |    40 ||    40
       Skin              |       |       |     6 ||     6
Dodge: Dodged            |    30 |    39 |   207 ||   276
